 Dungeon Crawl Stone Soup version 0.30-a0-23-ge60ba3568b (webtiles) character file.

Game seed: 423732912893440924

235 Newt the Shooter (level 6, -4/38 HPs)
             Began as a Kobold Hunter on Aug 24, 2022.
             Killed from afar by an orc wizard (6 damage)
             ... with a puff of flame
             ... on level 4 of the Dungeon.
             The game lasted 00:04:43 (3422 turns).

Newt the Shooter (Kobold Hunter)                    Turns: 3422, Time: 00:04:46

Health: -4/38      AC:  4    Str:  8    XL:     6   Next: 26%
Magic:  6/6        EV: 14    Int: 10    God:
Gold:   201        SH:  5    Dex: 21    Spells: 5/5 levels left

rFire   . . .      SeeInvis .    a - +0 shortbow
rCold   . . .      Faith    .    (shield currently unavailable)
rNeg    . . .      Spirit   .    c - +0 leather armour
rPois   .          Reflect  +    (no helmet)
rElec   .          Harm     .    (no cloak)
rCorr   .          Rampage  .    f - +0 pair of gloves
Will    .....                    (no boots)
Stlth   ++++......               d - amulet of reflection
HPRegen 0.12/turn                (no ring)
MPRegen 0.10/turn                (no ring)

@: mighty
A: small, no large weapons, nightstalker 3
a: no special abilities


You were on level 4 of the Dungeon.
You visited 1 branch of the dungeon, and saw 4 of its levels.

You collected 201 gold pieces.

Inventory:

Hand Weapons
 a - a +0 shortbow (weapon)
Missiles
 i - 2 silver javelins
Armour
 c - a +0 leather armour (worn)
 f - a +0 pair of gloves (worn)
Jewellery
 d - an amulet of reflection (around neck)
 j - a ring of fire
 l - an amulet of faith
Scrolls
 b - 2 scrolls of immolation
 h - a scroll of noise
Potions
 e - a potion of magic
 m - a potion of degeneration


   Skills:
 - Level 4.0 Fighting
 - Level 7.0 Ranged Weapons
 - Level 2.4 Dodging
 - Level 4.0 Stealth
 + Level 2.0 Translocations


You had 5 spell levels left.
You didn't know any spells.
Your spell library contained the following spells:

 Spells                   Type           Power      Damage    Failure   Level
 Blink                    Tloc           8%         N/A       36%         2
 Beastly Appendage        Tmut           0%         N/A       50%         1
 Lesser Beckoning         Tloc           4%         N/A       58%         3
 Wereblood                Tmut           0%         N/A       63%         2
 Spider Form              Tmut/Pois      0%         N/A       86%         3
 Manifold Assault         Tloc           4%         N/A       100%        5


Dungeon Overview and Level Annotations

Branches:
Dungeon (4/15)
 Temple: D:4-7

Altars:
Nemelex Xobeh
Wu Jian

Shops:
D:3 =

Annotations:
D:3 Eustachio


Innate Abilities, Weirdness & Mutations

You are small and have problems with some larger weapons.
You are completely attuned to the shadows.


Message History

Deactivating autopickup; reactivate with Ctrl-A.
You block the goblin's attack. You block the orc's attack.
A rat comes into view.
The phantom hits you.
The phantom blinks!
You blink.
You shoot an arrow. The arrow hits the phantom.
The phantom is almost destroyed.
The phantom closely misses you. You block the rat's attack.
A quokka comes into view.
You shoot an arrow. The arrow closely misses the phantom.
The rat bites you. Something hits you but does no damage.
The phantom barely misses you. The orc hits you with a +0 flail.
The orc closely misses you. The phantom hits you.
The orc hits you with a +0 flail.
* * * LOW HITPOINT WARNING * * *
The rat barely misses you. Something hits you but does no damage.
A rat comes into view.
You are too injured to fight recklessly!
Fire: a) +0 shortbow
Press: ? - help, Shift-Dir - straight line, f/p - phantom
Aim: a phantom (almost destroyed, 58% to hit)
You shoot an arrow.
The arrow hits the phantom but does no damage.
The phantom is almost destroyed.
The quokka twitches its whiskers.
The goblin barely misses you. You block the orc's attack.
The orc hits you with a +0 flail.
* * * LOW HITPOINT WARNING * * *
The phantom hits you but does no damage.
You hear some strange, mumbled words.
Something tries to affect you, but you resist.
The rat bites you.
* * * LOW HITPOINT WARNING * * *
Unknown command.
It was a potion of might.
You feel very mighty all of a sudden. The quokka closely misses you.
The orc hits you with a +0 flail.
* * * LOW HITPOINT WARNING * * *
You hear some strange, mumbled words.
A puff of flame appears from out of thin air!
The puff of flame hits you.
You die...

.........
#........
....r....
#..rWr...
#..@{...
#.goo...
#.......
#.......
##......
#......
#......
##...)...
##........


You could see a phantom, 2 orcs, a quokka, a goblin and 2 rats.

Vanquished Creatures
  A phantom (D:4)
  An orc wizard (D:3)
  6 adders
  A worm (D:3)
  A dart slug (D:1)
  6 orcs
  5 bats
  5 endoplasms
  A giant cockroach (D:1)
  4 goblins
  7 hobgoblins
  8 jackals
  A quokka (D:2)
  9 ball pythons
  5 frilled lizards
  3 kobolds
  5 rats
69 creatures vanquished.

Notes
Turn   | Place    | Note
-------+----------+-------------------------------------------
     0 | D:1      | Newt the Kobold Hunter began the quest for the Orb.
     0 | D:1      | Reached XP level 1. HP: 12/12 MP: 1/1
   200 | D:1      | Reached XP level 2. HP: 17/17 MP: 2/2
   618 | D:1      | Reached XP level 3. HP: 17/21 MP: 3/3
   797 | D:1      | Found a faded altar of an unknown god.
  1313 | D:2      | Reached skill level 6 in Ranged Weapons
  1411 | D:2      | Reached XP level 4. HP: 26/26 MP: 4/4
  1921 | D:3      | Reached skill level 7 in Ranged Weapons
  1950 | D:3      | Found Faesoof's Jewellery Emporium.
  2009 | D:3      | Reached XP level 5. HP: 30/30 MP: 5/5
  2022 | D:3      | Found an ornate altar of the Wu Jian Council.
  2141 | D:3      | Found a sparkling altar of Nemelex Xobeh.
  2786 | D:4      | Noticed Eustachio
  2831 | D:3      | HP: 1/32 [river rat[Eustachio] (5)]
  3391 | D:4      | Noticed a phantom
  3398 | D:4      | Killed a phantom
  3399 | D:4      | Reached skill level 1 in Translocations
  3399 | D:4      | Reached XP level 6. HP: 32/38 MP: 6/6
  3422 | D:4      | Killed from afar by an orc wizard

Illustrated notes

Levels and vault maps discovered:
D:1:      eino_arrival_cavern_d, layout_basic,
          shapermc_ecumenical_altar_totnotflames
D:2:      layout_rooms, minivault_25
D:3:      layout_basic, nzn_wu_jian_contemplation, nemelex_diamond_rough_becter,
          serial_shops, shop_statue
D:4:      layout_layer_cave, nicolae_dithmenos_shadow_blocks,
          minmay_temple_entry_glass, serial_shops, nicolae_shop_hallway_plus,
          cheibrodos_sewer_entry_drain, uniq_eustachio

Skill      XL: |  1  2  3  4  5  6 |
---------------+-------------------+-----
Stealth        | 2 3 4 |  4.0
Ranged Weapons | 6 7 |  7.0
Fighting       | 4 |  4.0
Translocations | 1 2 |  2.0
Dodging        | |  2.4

Action                   |  1- 3 |  4- 6 || total
-------------------------+-------+-------++-------
 Fire: Shortbow          |    84 |   153 ||   237
  Use: Scroll            |       |     6 ||     6
       Potion            |       |     3 ||     3
Armor: Leather armour    |    13 |    29 ||    42
Dodge: Dodged            |    30 |   102 ||   132
Block: Other             |    14 |    36 ||    50
       Reflection        |       |     1 ||     1

Table legend: (Time is in decaauts)
 A = Elapsed time spent in this place.
 B = Non-inter-level travel time spent in this place.
 C = Inter-level travel time spent in this place.
 D = Time resting spent in this place.
 E = Time spent auto-exploring this place.
 F = Levels seen in this place.
 G = Mean time per level.
                   A        B        C        D        E       F      G
               +--------+--------+--------+--------+--------+-----+--------+
         Total |   3477 |   3337 |    140 |    492 |   2395 |   4 |  869.2 |
       Dungeon |   3477 |   3337 |    140 |    492 |   2395 |   4 |  869.2 |
               +--------+--------+--------+--------+--------+-----+--------+

Top non-repeatable levels by time:
     D:3: 1420 daAuts
     D:1: 1228 daAuts
     D:2: 709 daAuts
     D:4: 119 daAuts
